[Event "Austria Championship Blitz 2024"]
[Site "Innsbruck"]
[Date "2024.06.01"]
[Round "4.12"]
[White "Myagmarsuren, Mandukhai"]
[Black "Blaas, Hansjoerg"]
[Result "1-0"]
[ECO "D08"]
[WhiteElo "2092"]
[BlackElo "2222"]
[Annotator "RC"]
[PlyCount "74"]
[EventDate "2024.06.01"]
[EventType "swiss"]
[EventCountry "AUT"]
[SourceTitle "playchess.com"]
[Source "ChessBase"]
[SourceQuality "1"]
[TimeControl "180+2"]

1. d4 d5 2. c4 e5 3. dxe5 d4 4. a3 Nc6 5. Nf3 Bg4 6. Nbd2 a5 7. g3 Nge7 8. Bg2 Ng6 9. O-O Bc5 10. Nb3 Ba7 11. Bg5 Qd7 12. e6 Bxe6 13. Qc2 h6 14. Bd2 a4 15. Nc1 O-O 16. c5 Qe7 17. Nd3 Bb3 18. Qc1 Qxe2 19. Nb4 Nxb4 20. axb4 Rad8 21. Re1 Qd3 22. Bf4 Bb8 23. Ne5 Nxe5 24. Bxe5 c6 25. Bxb8 Rxb8 26. Be4 Qb5 27. Qf4 Be6 28. Bc2 Qxb4 29. Qe4 g6 30. Rxa4 Qxc5 31. b4 Qd5 32. Qh4 Kg7 33. Ra5 b5 34. Ra7 Rbd8 35. Re7 Bf5 36. Bxf5 Qxf5 37. R1e5 Qf6 1-0

[Event "Austria Championship Blitz 2024"]
[Site "Innsbruck"]
[Date "2024.06.01"]
[Round "4.13"]
[White "Casagrande, Harald"]
[Black "Horvath, Reka"]
[Result "0-1"]
[ECO "A22"]
[WhiteElo "2290"]
[BlackElo "2009"]
[Annotator "RC"]
[PlyCount "56"]
[EventDate "2024.06.01"]
[EventType "swiss"]
[EventCountry "AUT"]
[SourceTitle "playchess.com"]
[Source "ChessBase"]
[SourceQuality "1"]
[TimeControl "180+2"]

1. c4 e5 2. Nc3 Nf6 3. g3 d5 4. cxd5 Nxd5 5. Bg2 Nb6 6. d3 Be7 7. a3 O-O 8. Nf3 Nc6 9. b4 a5 10. b5 Nd4 11. Nxe5 Bf6 12. f4 Re8 13. e3 Bxe5 14. fxe5 Rxe5 15. O-O Nf5 16. d4 Nxe3 17. Qf3 Nxf1 18. dxe5 Nd2 19. Bxd2 Qxd2 20. Rd1 Qg5 21. Qf4 Qe7 22. Qd4 Be6 23. Bxb7 Rb8 24. Be4 g6 25. a4 Nc4 26. Nd5 Bxd5 27. Bxd5 Nxe5 28. Bb3 Nf3+ 0-1

[Event "Austria Championship Blitz 2024"]
[Site "Innsbruck"]
[Date "2024.06.01"]
[Round "4.14"]
[White "Schranzhofer, Marco"]
[Black "Khalakhan, Jurij"]
[Result "1-0"]
[ECO "B00"]
[WhiteElo "1908"]
[BlackElo "2175"]
[Annotator "RC"]
[PlyCount "111"]
[EventDate "2024.06.01"]
[EventType "swiss"]
[EventCountry "AUT"]
[SourceTitle "playchess.com"]
[Source "ChessBase"]
[SourceQuality "1"]
[TimeControl "180+2"]

1. e4 g6 2. c3 b6 3. d4 Bb7 4. Bd3 Bg7 5. Nf3 e6 6. O-O Ne7 7. Bg5 h6 8. Bxe7 Qxe7 9. Nbd2 d6 10. Re1 Nd7 11. a4 a6 12. Qe2 c5 13. h3 O-O 14. Nf1 Rfc8 15. Ng3 cxd4 16. cxd4 e5 17. d5 Nc5 18. b4 Nxd3 19. Qxd3 Qd7 20. b5 a5 21. Qe3 Rc5 22. Rec1 Rac8 23. Rxc5 Rxc5 24. Rc1 Bc8 25. Rxc5 dxc5 26. Nd2 f5 27. Qb3 fxe4 28. Ngxe4 Bb7 29. Nc3 Kh7 30. Nde4 g5 31. Qc2 Kh8 32. Qd3 g4 33. hxg4 Qxg4 34. f3 Qg6 35. d6 Qe8 36. d7 Qd8 37. Qd6 Bf8 38. Qxe5+ Bg7 39. Qd6 Bxe4 40. Nxe4 c4 41. Qe6 Kh7 42. Qf5+ Kg8 43. Qd5+ Kh7 44. Qf5+ Kg8 45. Qe6+ Kh7 46. Qxc4 Qh4 47. Qd3 Qe1+ 48. Qf1 Qe3+ 49. Qf2 Qd3 50. Qd2 Bd4+ 51. Kh1 Qf1+ 52. Kh2 Qg1+ 53. Kh3 Qh1+ 54. Kg3 Be5+ 55. f4 Bf6 56. Nxf6+ 1-0

[Event "Austria Championship Blitz 2024"]
[Site "Innsbruck"]
[Date "2024.06.01"]
[Round "4.15"]
[White "Guba, Viktor"]
[Black "Mira, Helene"]
[Result "1-0"]
[ECO "B07"]
[WhiteElo "1891"]
[BlackElo "2047"]
[Annotator "RC"]
[PlyCount "107"]
[EventDate "2024.06.01"]
[EventType "swiss"]
[EventCountry "AUT"]
[SourceTitle "playchess.com"]
[Source "ChessBase"]
[SourceQuality "1"]
[TimeControl "180+2"]

1. e4 d6 2. d4 Nf6 3. Nc3 c6 4. Nf3 Bg4 5. h3 Bxf3 6. Qxf3 e6 7. Bg5 Be7 8. O-O-O d5 9. e5 Nfd7 10. Bxe7 Qxe7 11. Bd3 f5 12. g4 g6 13. gxf5 exf5 14. Rhe1 Nf8 15. Ne2 Ne6 16. c3 Nd7 17. Nf4 Qg5 18. Kb1 Qxf4 19. Qg2 Qh6 20. c4 Nf4 21. Qg3 Nxd3 22. Rxd3 dxc4 23. Rf3 O-O-O 24. e6 Nf6 25. e7 Rde8 26. Qd6 Ne4 27. Qe6+ Kc7 28. Rfe3 Qg7 29. f3 Nd6 30. d5 cxd5 31. Qxd5 a6 32. Rd1 Nb5 33. Qd7+ Kb8 34. Qxe8+ Rxe8 35. Rd8+ Kc7 36. Rxe8 Qd4 37. Rc8+ Kb6 38. Re1 Qd3+ 39. Ka1 Nd6 40. Rd8 c3 41. Rxd6+ Qxd6 42. e8=Q cxb2+ 43. Kxb2 Qb4+ 44. Kc2 Qc4+ 45. Kd2 Qxa2+ 46. Ke3 Qb3+ 47. Kf2 Qb2+ 48. Kg3 f4+ 49. Kxf4 Qf6+ 50. Kg3 Qg5+ 51. Kf2 Qd2+ 52. Re2 Qg5 53. Qe6+ Ka7 54. Qe3+ 1-0

[Event "Austria Championship Blitz 2024"]
[Site "Innsbruck"]
[Date "2024.06.01"]
[Round "4.16"]
[White "Wetscher, Wolfgang"]
[Black "Haralcic, Edin"]
[Result "1-0"]
[ECO "A00"]
[WhiteElo "1937"]
[BlackElo "1936"]
[Annotator "RC"]
[PlyCount "134"]
[EventDate "2024.06.01"]
[EventType "swiss"]
[EventCountry "AUT"]
[SourceTitle "playchess.com"]
[Source "ChessBase"]
[SourceQuality "1"]
[TimeControl "180+2"]

1. c3 Nf6 2. Qc2 d5 3. d3 c5 4. Nd2 e5 5. e4 d4 6. Ngf3 Nc6 7. Be2 Bd6 8. Nf1 O-O 9. h3 h6 10. g4 Be6 11. Ng3 Rc8 12. c4 a6 13. a3 b5 14. b3 bxc4 15. bxc4 Rb8 16. Bd2 Na5 17. Rb1 Rxb1+ 18. Qxb1 Qc7 19. Bd1 Rb8 20. Qc1 Nb3 21. Qc2 Qb6 22. O-O Nxd2 23. Qxd2 Qb2 24. Qa5 Qb6 25. Qd2 Bc7 26. Nf5 Qb2 27. Bc2 Bxf5 28. gxf5 Nh5 29. Kh1 Nf4 30. Rg1 Qxa3 31. Ne1 Rb2 32. Qd1 Qa2 33. Qg4 g6 34. fxg6 Nxg6 35. Qc8+ Kg7 36. Qxc7 Rxc2 37. Nxc2 Qxc2 38. Qxe5+ Kg8 39. Qf6 Qxd3 40. Rxg6+ fxg6 41. Qxg6+ Kf8 42. Qxh6+ Kg8 43. Qg6+ Kf8 44. Qf6+ Kg8 45. Qg5+ Kh7 46. Qf5+ Kg8 47. Qd5+ Kh7 48. Qf5+ Kh6 49. h4 Qxc4 50. Qg5+ Kh7 51. h5 Qf1+ 52. Kh2 Qxf2+ 53. Kh3 Qe3+ 54. Qxe3 dxe3 55. Kg3 a5 56. e5 a4 57. e6 Kg7 58. h6+ Kf6 59. h7 Kxe6 60. h8=Q e2 61. Kf2 Kd5 62. Qa1 Kc4 63. Qxa4+ Kd3 64. Ke1 c4 65. Qb5 Kc3 66. Kxe2 Kd4 67. Qb4 Ke4 1-0

[Event "Austria Championship Blitz 2024"]
[Site "Innsbruck"]
[Date "2024.06.01"]
[Round "4.17"]
[White "Wimmer, Michael"]
[Black "Kienboeck, Benjamin"]
[Result "0-1"]
[ECO "B11"]
[WhiteElo "2142"]
[BlackElo "2187"]
[Annotator "RC"]
[PlyCount "69"]
[EventDate "2024.06.01"]
[EventType "swiss"]
[EventCountry "AUT"]
[SourceTitle "playchess.com"]
[Source "ChessBase"]
[SourceQuality "1"]
[TimeControl "180+2"]

1. e4 c6 2. Nc3 d5 3. Qe2 d4 4. Nd1 e5 5. g3 Bd6 6. Bg2 c5 7. d3 Nc6 8. f4 Qc7 9. Nf3 Bg4 10. Nf2 Bxf3 11. Qxf3 O-O-O 12. a3 Kb8 13. O-O h5 14. Bd2 Nf6 15. Rab1 Ne7 16. Nh3 Ng6 17. Ng5 h4 18. f5 Nf8 19. g4 N8h7 20. Rfc1 Nxg5 21. Bxg5 Be7 22. Bd2 Nh7 23. b4 c4 24. dxc4 Qxc4 25. Bf1 Qc7 26. Bd3 Bg5 27. Qf2 Bxd2 28. Qxd2 f6 29. Qe2 Ng5 30. Rb3 Qd6 31. c4 dxc3 32. Rbxc3 h3 33. Bb5 Qd4+ 34. Kh1 Nxe4 35. Rc4 0-1

[Event "Austria Championship Blitz 2024"]
[Site "Innsbruck"]
[Date "2024.06.01"]
[Round "4.18"]
[White "Walder, Elias"]
[Black "Vrban, Damir"]
[Result "0-1"]
[ECO "A25"]
[WhiteElo "2035"]
[BlackElo "2151"]
[Annotator "RC"]
[PlyCount "104"]
[EventDate "2024.06.01"]
[EventType "swiss"]
[EventCountry "AUT"]
[SourceTitle "playchess.com"]
[Source "ChessBase"]
[SourceQuality "1"]
[TimeControl "180+2"]

1. c4 Nc6 2. g3 e5 3. Bg2 g6 4. Nc3 Bg7 5. e3 Nge7 6. Nge2 a6 7. O-O O-O 8. d4 exd4 9. Nxd4 Nxd4 10. exd4 Nf5 11. Ne2 d6 12. b3 Rb8 13. Bb2 b5 14. Qd3 Re8 15. Rfe1 c5 16. Bc3 Bb7 17. dxc5 Bxg2 18. Kxg2 dxc5 19. Qxd8 Rbxd8 20. Bxg7 Kxg7 21. cxb5 axb5 22. Nc3 Nd4 23. Rad1 Rxe1 24. Rxe1 c4 25. bxc4 bxc4 26. Rd1 Ne6 27. Rxd8 Nxd8 28. a4 Nc6 29. Kf3 Kf6 30. Ke4 Ke6 31. Nb5 f5+ 32. Ke3 Kd5 33. Nc3+ Kc5 34. h4 h6 35. h5 g5 36. f4 g4 37. Ne2 Kb4 38. Nd4 Nxd4 39. Kxd4 c3 40. a5 c2 41. a6 c1=Q 42. a7 Qa3 43. Ke5 Qxa7 44. Kxf5 Qg7 45. Ke6 Kc4 46. f5 Kd4 47. f6 Qg8+ 48. Ke7 Ke5 49. f7 Qg5+ 50. Ke8 Ke6 51. f8=Q Qb5+ 52. Kd8 Qb8# 0-1

[Event "Austria Championship Blitz 2024"]
[Site "Innsbruck"]
[Date "2024.06.01"]
[Round "4.19"]
[White "Hatzl, Johannes"]
[Black "Sovago, Philipp"]
[Result "1-0"]
[ECO "D00"]
[WhiteElo "2074"]
[BlackElo "1954"]
[Annotator "RC"]
[PlyCount "77"]
[EventDate "2024.06.01"]
[EventType "swiss"]
[EventCountry "AUT"]
[SourceTitle "playchess.com"]
[Source "ChessBase"]
[SourceQuality "1"]
[TimeControl "180+2"]

1. d4 Nf6 2. Bf4 d5 3. e3 e6 4. Nd2 Bd6 5. Bg3 Bxg3 6. hxg3 Nc6 7. c3 Ne7 8. Bd3 Bd7 9. Ngf3 c6 10. Qe2 Qc7 11. e4 dxe4 12. Nxe4 Nxe4 13. Qxe4 g6 14. Ne5 f6 15. Nf3 O-O-O 16. O-O h5 17. b4 g5 18. a4 h4 19. gxh4 gxh4 20. b5 h3 21. g3 Nd5 22. c4 f5 23. Qe5 Qxe5 24. Nxe5 Ne7 25. Nf7 Ng6 26. Rad1 Rhg8 27. Nxd8 Kxd8 28. Kh2 e5 29. dxe5 Nxe5 30. Bxf5 Kc7 31. Bxd7 Nxd7 32. Kxh3 cxb5 33. cxb5 Nb6 34. Rc1+ Kd6 35. Rfd1+ Ke5 36. a5 Nd5 37. Rc5 Rd8 38. f4+ Kd6 39. Rcxd5+ 1-0

[Event "Austria Championship Blitz 2024"]
[Site "Innsbruck"]
[Date "2024.06.01"]
[Round "4.20"]
[White "Schnegg, Anna-Lena"]
[Black "Muehlbacher, Bernhard"]
[Result "1-0"]
[ECO "E65"]
[WhiteElo "2124"]
[BlackElo "1960"]
[Annotator "RC"]
[PlyCount "87"]
[EventDate "2024.06.01"]
[EventType "swiss"]
[EventCountry "AUT"]
[SourceTitle "playchess.com"]
[Source "ChessBase"]
[SourceQuality "1"]
[TimeControl "180+2"]

1. c4 c5 2. Nc3 Nc6 3. g3 g6 4. Bg2 Bg7 5. e4 d6 6. Nge2 Nf6 7. O-O O-O 8. d4 cxd4 9. Nxd4 Bd7 10. h3 Qc8 11. Nxc6 bxc6 12. Kh2 Be6 13. Qe2 Rb8 14. Be3 Qa6 15. b3 Nd7 16. Rac1 Qa5 17. Na4 Qc7 18. f4 Nb6 19. Nc3 Bd7 20. f5 Bc8 21. Bg5 Re8 22. Qf3 Nd7 23. fxg6 Ne5 24. gxf7+ Kf8 25. fxe8=Q+ Kxe8 26. Qh5+ Kd8 27. Qxh7 Bf6 28. Bxf6 exf6 29. Qg8+ Ke7 30. Qg7+ Nf7 31. Qxf6+ Kf8 32. Rf2 Rb7 33. Rcf1 Kg8 34. Qxf7+ Qxf7 35. Rxf7 Rxf7 36. Rxf7 Kxf7 37. g4 Ke6 38. Kg3 Ke5 39. h4 Be6 40. h5 Bg8 41. Ne2 a5 42. g5 a4 43. h6 Bh7 44. bxa4 1-0

[Event "Austria Championship Blitz 2024"]
[Site "Innsbruck"]
[Date "2024.06.01"]
[Round "4.21"]
[White "Kondrak, Christoph"]
[Black "Wolfgang, Valentin"]
[Result "1-0"]
[ECO "D02"]
[WhiteElo "1972"]
[BlackElo "1866"]
[Annotator "RC"]
[PlyCount "105"]
[EventDate "2024.06.01"]
[EventType "swiss"]
[EventCountry "AUT"]
[SourceTitle "playchess.com"]
[Source "ChessBase"]
[SourceQuality "1"]
[TimeControl "180+2"]

1. d4 d5 2. Nf3 Nf6 3. Bf4 e6 4. e3 c5 5. dxc5 Bxc5 6. a3 O-O 7. Nbd2 Nc6 8. c4 Re8 9. b4 Bf8 10. cxd5 Nxd5 11. Bg3 a6 12. Rc1 Nce7 13. Qb3 b5 14. e4 Nf6 15. Bc7 Qd7 16. Ne5 Qd4 17. Bd3 Bb7 18. Nef3 Qd7 19. O-O Rac8 20. Ne5 Qd4 21. Nef3 Qd7 22. e5 Ne4 23. Nxe4 Rxc7 24. Rxc7 Qxc7 25. Nd6 Rd8 26. Qb1 Nf5 27. Bxf5 exf5 28. Qxf5 Bxd6 29. exd6 Qxd6 30. h3 Bxf3 31. Qxf3 Qd5 32. Qxd5 Rxd5 33. Rc1 Kf8 34. Rc6 Rd1+ 35. Kh2 Rd2 36. Kg3 h5 37. Rxa6 Ra2 38. f3 g6 39. Ra5 Ke7 40. Rxb5 Rxa3 41. Rb6 Rb3 42. Kf4 f6 43. g4 hxg4 44. hxg4 Kf7 45. b5 Rb4+ 46. Kg3 g5 47. Rb8 Ke7 48. b6 Kf7 49. b7 Kg7 50. Kf2 f5 51. gxf5 Kf6 52. Rf8+ Ke7 53. b8=Q 1-0

[Event "Austria Championship Blitz 2024"]
[Site "Innsbruck"]
[Date "2024.06.01"]
[Round "4.22"]
[White "Gschiel, Alexander"]
[Black "Kimpel, Janine"]
[Result "1-0"]
[ECO "D12"]
[WhiteElo "2355"]
[BlackElo "1875"]
[Annotator "RC"]
[PlyCount "57"]
[EventDate "2024.06.01"]
[EventType "swiss"]
[EventCountry "AUT"]
[SourceTitle "playchess.com"]
[Source "ChessBase"]
[SourceQuality "1"]
[TimeControl "180+2"]

1. d4 d5 2. c4 c6 3. Nf3 Nf6 4. Nc3 Bf5 5. e3 e6 6. Nh4 Bg4 7. Qb3 Qb6 8. f3 Qxb3 9. axb3 Bh5 10. g4 Bg6 11. Nxg6 hxg6 12. Be2 Bd6 13. f4 Na6 14. c5 Bc7 15. Bxa6 bxa6 16. g5 Ng4 17. h3 f6 18. Rg1 Nh2 19. Kf2 Rxh3 20. Rg3 Rh5 21. Rxa6 Kd7 22. gxf6 gxf6 23. Rxg6 Rh7 24. b4 Bd8 25. b5 cxb5 26. Nxb5 Ke7 27. c6 Rc8 28. Rxa7+ Kf8 29. Rxh7 1-0

[Event "Austria Championship Blitz 2024"]
[Site "Innsbruck"]
[Date "2024.06.01"]
[Round "4.23"]
[White "Gerold, Alexander"]
[Black "Keferboeck, Jewgeni"]
[Result "0-1"]
[ECO "B92"]
[WhiteElo "1891"]
[BlackElo "1957"]
[Annotator "RC"]
[PlyCount "130"]
[EventDate "2024.06.01"]
[EventType "swiss"]
[EventCountry "AUT"]
[SourceTitle "playchess.com"]
[Source "ChessBase"]
[SourceQuality "1"]
[TimeControl "180+2"]

1. e4 c5 2. Nf3 d6 3. d4 cxd4 4. Nxd4 Nf6 5. Nc3 a6 6. Be2 e5 7. Nb3 Be7 8. O-O O-O 9. Kh1 b5 10. Bd3 b4 11. Nd5 Nxd5 12. exd5 f5 13. Bd2 a5 14. a3 a4 15. axb4 Bb7 16. Na5 Bxd5 17. Rxa4 Nc6 18. Nxc6 Bxc6 19. Rxa8 Qxa8 20. Bc3 Bxg2+ 21. Kg1 Bf3 22. Be2 Bg2 23. Re1 Bh3 24. f3 Qa7+ 25. Kh1 Qf2 26. Rg1 Qh4 27. Qe1 Qf4 28. Qg3 g5 29. Qxf4 exf4 30. Bd2 g4 31. Bxf4 d5 32. Bd2 Rc8 33. Bc3 d4 34. Bxd4 Rxc2 35. Bf1 Bxf1 36. Rxf1 Bd6 37. fxg4 Rxh2+ 38. Kg1 fxg4 39. Rf2 Rh3 40. Rg2 h5 41. b5 Rb3 42. b6 Rb4 43. Rd2 Rxd4 44. Rxd4 Bc5 45. b7 Bxd4+ 46. Kg2 Be5 47. b4 Kf7 48. b5 Bb8 49. b6 Kg6 50. Kf2 Kg5 51. Kg2 h4 52. Kh1 Kf5 53. Kg2 Ke6 54. Kf2 Kd6 55. Kg2 Kc6 56. Kf2 Kxb6 57. Kg2 Kxb7 58. Kf2 Kc6 59. Kg2 Kd5 60. Kf2 Ke4 61. Kg2 h3+ 62. Kh1 g3 63. Kg1 Ba7+ 64. Kh1 g2+ 65. Kh2 g1=Q+ 0-1

[Event "Austria Championship Blitz 2024"]
[Site "Innsbruck"]
[Date "2024.06.01"]
[Round "4.24"]
[White "Karall, Lorenz"]
[Black "Kosc, Renata"]
[Result "1-0"]
[ECO "A86"]
[WhiteElo "1869"]
[BlackElo "1983"]
[Annotator "RC"]
[PlyCount "61"]
[EventDate "2024.06.01"]
[EventType "swiss"]
[EventCountry "AUT"]
[SourceTitle "playchess.com"]
[Source "ChessBase"]
[SourceQuality "1"]
[TimeControl "180+2"]

1. d4 f5 2. g3 Nf6 3. Bg2 g6 4. c4 Bg7 5. Nc3 O-O 6. Nh3 d6 7. f4 e6 8. O-O Qe7 9. Nf2 e5 10. dxe5 dxe5 11. fxe5 Qxe5 12. e4 fxe4 13. Nfxe4 Nc6 14. Bf4 Qe7 15. Nxf6+ Bxf6 16. Nd5 Qc5+ 17. Kh1 Bd8 18. b3 Bf5 19. Rc1 Qa5 20. Qe2 Bf6 21. Bxc7 Qc5 22. Nxf6+ Rxf6 23. Bf4 Rff8 24. Bd5+ Kg7 25. Qb2+ Rf6 26. Bg5 Raf8 27. Bxf6+ Rxf6 28. g4 Nd4 29. gxf5 Nxf5 30. Rce1 Ne3 31. Qxf6+ 1-0

[Event "Austria Championship Blitz 2024"]
[Site "Innsbruck"]
[Date "2024.06.01"]
[Round "5.1"]
[White "Blohberger, Felix"]
[Black "Shengelia, David"]
[Result "0-1"]
[ECO "E11"]
[WhiteElo "2506"]
[BlackElo "2465"]
[Annotator "TA"]
[PlyCount "64"]
[EventDate "2024.06.01"]
[EventType "swiss"]
[EventCountry "AUT"]
[SourceTitle "playchess.com"]
[Source "ChessBase"]
[SourceQuality "1"]
[TimeControl "180+2"]

1. d4 Nf6 2. c4 e6 3. Nf3 Bb4+ 4. Bd2 Bxd2+ 5. Qxd2 d5 6. Nc3 O-O 7. e3 Nc6 8. Rc1 Qe7 9. cxd5 exd5 10. Be2 {[%emt 0:00:05] White has an edge.} Bf5 $1 11. O-O Rad8 12. Qd1 Qb4 13. Na4 Ne4 {[%emt 0:00:17] Wards off Rc5} 14. a3 Qe7 15. b4 Nb8 16. Nc5 b6 (16... c6 $14) 17. Nd3 (17. Nxe4 $16 dxe4 18. Nd2) 17... c6 $14 18. Nfe5 Rd6 19. Nf4 Rh6 {[%emt 0:00:03] [#]} (19... f6 $14 20. Ned3 g5) 20. Nf3 $2 (20. b5 $1 $16 {[%cal Rb5c6] keeps the pressure on.} c5 21. Nxd5) 20... Bg4 $2 (20... g5 $19 21. Nd3 g4) 21. h3 Bxf3 22. Bxf3 Nd7 (22... Nd6 $14) 23. b5 $36 {[%emt 0:00:02][%mdl 2048] Black is under strong pressure.} cxb5 (23... c5 $16) 24. Nxd5 $18 Qe6 25. Nc7 Qg6 26. Bxe4 ({Worse is} 26. Nxb5 Ng5 27. Re1 (27. Nxa7 $2 {loses.} Nxh3+ 28. Kh1 Nxf2+ 29. Kg1 Nxd1 $19) 27... Nxh3+ 28. Kf1 Nf4 $11 (28... Ng5 29. Nxa7 Qf5 30. a4 $11)) 26... Qxe4 27. Qf3 ({Not} 27. Nxb5 Rg6 28. g3 (28. Nxa7 $2 Qxg2#) 28... Qf5 29. Nxa7 Qxh3 $16) (27. Qg4 $18 {is more deadly.} Nf6 28. Qxe4 Nxe4 29. Nxb5) 27... Qd3 {[%emt 0:00:01] [#]} (27... Qxf3 $16 {was necessary.} 28. gxf3 Rxh3) 28. Rfd1 Qxa3 29. Nxb5 Qa5 30. Qe2 a6 31. Nc7 (31. Na7 $142) 31... b5 $16 32. Ra1 $2 (32. Qf3 $16) 32... Qxc7 {[%emt 0:00:01] Black used his chance.   Weighted Error Value: White=0.65/Black=0.43.  Loses game:     	White=2     	---        Missed win:     	---       	Black=1      Mistake:       	White=3     	Black=5      Inaccurate:     	---       	Black=1      OK:         	White=6     	Black=9      Best:        	---       	Black=1      Strong:       	---       	Black=1} 0-1

[Event "Austria Championship Blitz 2024"]
[Site "Innsbruck"]
[Date "2024.06.01"]
[Round "5.2"]
[White "Lerch, Johannes"]
[Black "Schwabeneder, Florian"]
[Result "0-1"]
[ECO "B06"]
[WhiteElo "2208"]
[BlackElo "2405"]
[Annotator "RC"]
[PlyCount "130"]
[EventDate "2024.06.01"]
[EventType "swiss"]
[EventCountry "AUT"]
[SourceTitle "playchess.com"]
[Source "ChessBase"]
[SourceQuality "1"]
[TimeControl "180+2"]

1. e4 d6 2. Nc3 Nf6 3. g3 g6 4. Bg2 Bg7 5. d3 O-O 6. h3 c5 7. f4 Nc6 8. Nf3 Rb8 9. Be3 b5 10. Qd2 b4 11. Nd1 Nd7 12. O-O Nd4 13. Nh4 f5 14. exf5 Nxf5 15. Nxf5 gxf5 16. Kh2 Nf6 17. Nf2 Qd7 18. Rae1 Bb7 19. Rg1 Bxg2 20. Rxg2 Nd5 21. Nd1 Rbe8 22. Reg1 e5 23. fxe5 Bxe5 24. Bh6 Rf7 25. Kh1 Bd4 26. Rf1 Kh8 27. c3 bxc3 28. bxc3 Be5 29. c4 Nb4 30. Ne3 Rg8 31. Bf4 Bxf4 32. Rxf4 Nc6 33. Qf2 Ne5 34. Qd2 Ng6 35. Rf1 f4 36. Ng4 fxg3 37. Rxf7 Qxf7 38. Rxg3 Qf1+ 39. Kh2 Re8 40. Rg2 Qf4+ 41. Qxf4 Nxf4 42. Rb2 Re2+ 43. Rxe2 Nxe2 44. Kg2 Nc1 45. Nf2 Nxa2 46. Ne4 Nb4 47. Nxd6 Nxd3 48. Nb7 Kg7 49. Kf3 Ne5+ 50. Ke4 Nxc4 51. Nxc5 a5 52. Na4 Kg6 53. Kf4 Kh5 54. Kg3 Nd6 55. Nb6 Nf5+ 56. Kg2 Kh4 57. Na4 Nd6 58. Nb6 Ne4 59. Na4 Ng5 60. Kf2 Kxh3 61. Ke3 Kg3 62. Nc3 h5 63. Ne2+ Kg4 64. Ng1 h4 65. Kd4 Nf3+ 0-1

[Event "Austria Championship Blitz 2024"]
[Site "Innsbruck"]
[Date "2024.06.01"]
[Round "5.3"]
[White "Hengl, Philip"]
[Black "Platzgummer, Fabian"]
[Result "0-1"]
[ECO "B23"]
[WhiteElo "2173"]
[BlackElo "2311"]
[Annotator "RC"]
[PlyCount "111"]
[EventDate "2024.06.01"]
[EventType "swiss"]
[EventCountry "AUT"]
[SourceTitle "playchess.com"]
[Source "ChessBase"]
[SourceQuality "1"]
[TimeControl "180+2"]

1. e4 c5 2. Nc3 b6 3. g3 Bb7 4. Bg2 g6 5. d3 Bg7 6. Be3 Nc6 7. Qd2 e5 8. f4 d6 9. Nf3 Nge7 10. O-O O-O 11. Rae1 Nd4 12. Nd1 Nxf3+ 13. Bxf3 Re8 14. c4 exf4 15. Bxf4 Nc6 16. Nc3 Be5 17. Bg2 Nd4 18. Ne2 Ne6 19. Be3 Rc8 20. Kh1 a6 21. Nc3 Bd4 22. Ne2 Bxe3 23. Qxe3 Qg5 24. Nf4 Nd4 25. h4 Qe5 26. Qf2 Qe7 27. Kh2 Rc7 28. Nh3 Nc6 29. Ng5 Ne5 30. Qe2 Bc8 31. Bh3 Bb7 32. Bg2 Kg7 33. Qd2 h6 34. Nh3 Nc6 35. Nf4 Nd4 36. Ne2 Qe5 37. Nxd4 cxd4 38. Qf4 f6 39. b4 g5 40. Qxe5 dxe5 41. Rc1 Bc8 42. Bh3 g4 43. Bg2 Be6 44. Rf2 Rec8 45. Rb2 h5 46. Bf1 Kf7 47. Be2 Ke7 48. Bd1 Kd6 49. Bb3 f5 50. exf5 Bxf5 51. Rd2 Rf8 52. Rf1 Rcf7 53. c5+ bxc5 54. bxc5+ Kxc5 55. Bxf7 Rxf7 56. Rdf2 0-1

[Event "Austria Championship Blitz 2024"]
[Site "Innsbruck"]
[Date "2024.06.01"]
[Round "5.4"]
[White "Balint, Peter"]
[Black "Kranzl, Peter"]
[Result "1-0"]
[ECO "B11"]
[WhiteElo "2343"]
[BlackElo "2157"]
[Annotator "RC"]
[PlyCount "51"]
[EventDate "2024.06.01"]
[EventType "swiss"]
[EventCountry "AUT"]
[SourceTitle "playchess.com"]
[Source "ChessBase"]
[SourceQuality "1"]
[TimeControl "180+2"]

1. e4 c6 2. Nf3 d5 3. Nc3 Bg4 4. h3 Bxf3 5. Qxf3 e6 6. g3 Nf6 7. Bg2 Nbd7 8. Qe3 dxe4 9. Nxe4 Nxe4 10. Qxe4 Nf6 11. Qe2 Be7 12. O-O O-O 13. Rd1 Qc7 14. d4 Rad8 15. c4 h6 16. b3 Qa5 17. a3 Rfe8 18. Bb2 Rd7 19. h4 Qf5 20. Bf3 h5 21. Kg2 Red8 22. Rac1 a6 23. Rd3 g6 24. Rcd1 Bf8 25. Re3 Bg7 26. Re5 1-0

[Event "Austria Championship Blitz 2024"]
[Site "Innsbruck"]
[Date "2024.06.01"]
[Round "5.5"]
[White "Horvath, Dominik"]
[Black "Cafasso, Elia"]
[Result "1-0"]
[ECO "D37"]
[WhiteElo "2554"]
[BlackElo "2178"]
[Annotator "RC"]
[PlyCount "65"]
[EventDate "2024.06.01"]
[EventType "swiss"]
[EventCountry "AUT"]
[SourceTitle "playchess.com"]
[Source "ChessBase"]
[SourceQuality "1"]
[TimeControl "180+2"]

1. Nf3 d5 2. d4 Nf6 3. c4 e6 4. Nc3 Be7 5. Bf4 O-O 6. e3 c5 7. dxc5 Bxc5 8. cxd5 exd5 9. Rc1 Bb6 10. Bg5 Be6 11. Be2 Nc6 12. O-O a6 13. Na4 Bc7 14. Nc5 Rb8 15. Nxa6 bxa6 16. Rxc6 Rxb2 17. Rxa6 h6 18. Bh4 g5 19. Bg3 Ne4 20. Bd3 Bxg3 21. hxg3 Nc5 22. Rc6 Nxd3 23. Qxd3 Rxa2 24. Nd4 Qd7 25. Rfc1 Ra7 26. Nxe6 fxe6 27. Qg6+ Qg7 28. Qxe6+ Qf7 29. Rd1 Ra2 30. f3 Re8 31. Qxh6 Qh7 32. Qxg5+ Kh8 33. Rh6 1-0

[Event "Austria Championship Blitz 2024"]
[Site "Innsbruck"]
[Date "2024.06.01"]
[Round "5.6"]
[White "Kilgus, Georg"]
[Black "Myagmarsuren, Mandukhai"]
[Result "0-1"]
[ECO "D02"]
[WhiteElo "2362"]
[BlackElo "2092"]
[Annotator "RC"]
[PlyCount "46"]
[EventDate "2024.06.01"]
[EventType "swiss"]
[EventCountry "AUT"]
[SourceTitle "playchess.com"]
[Source "ChessBase"]
[SourceQuality "1"]
[TimeControl "180+2"]

1. d4 d5 2. Nf3 Nf6 3. Bf4 c5 4. e3 Nc6 5. Nbd2 Bg4 6. c3 e6 7. Qb3 Qb6 8. Qxb6 axb6 9. Ne5 Bf5 10. Bb5 Rc8 11. h3 Nd7 12. Nxc6 bxc6 13. Ba6 Rd8 14. Bb7 cxd4 15. exd4 e5 16. Bxe5 Nxe5 17. dxe5 Bd7 18. O-O Rb8 19. Ba6 b5 20. a4 bxa4 21. Rxa4 Rxb2 22. Nf3 Bc5 23. Bd3 Ke7 0-1

[Event "Austria Championship Blitz 2024"]
[Site "Innsbruck"]
[Date "2024.06.01"]
[Round "5.7"]
[White "Kruckenhauser, Arthur"]
[Black "Schranzhofer, Marco"]
[Result "1-0"]
[ECO "D02"]
[WhiteElo "2340"]
[BlackElo "1908"]
[Annotator "RC"]
[PlyCount "121"]
[EventDate "2024.06.01"]
[EventType "swiss"]
[EventCountry "AUT"]
[SourceTitle "playchess.com"]
[Source "ChessBase"]
[SourceQuality "1"]
[TimeControl "180+2"]

1. d4 d5 2. Nf3 Nf6 3. c3 a6 4. Bg5 h6 5. Bh4 e6 6. Nbd2 Be7 7. e3 Nbd7 8. Bd3 c5 9. O-O O-O 10. Ne5 Nxe5 11. dxe5 Nd7 12. Bxe7 Qxe7 13. f4 f6 14. exf6 Nxf6 15. Nf3 Nd7 16. Bc2 Qf6 17. Qd3 g6 18. Qxg6+ Qxg6 19. Bxg6 Kg7 20. Bc2 Nb6 21. b3 Bd7 22. g3 Bb5 23. Rfe1 Rac8 24. Rad1 Bc6 25. Ne5 Nd7 26. Nxd7 Bxd7 27. e4 Bc6 28. exd5 exd5 29. Kf2 Rfe8 30. Rxe8 Rxe8 31. Re1 Rxe1 32. Kxe1 Kf6 33. Kf2 b6 34. Ke3 Bd7 35. a3 Be6 36. b4 Bd7 37. Bd1 Bc6 38. g4 a5 39. bxa5 bxa5 40. h4 Bd7 41. g5+ hxg5 42. hxg5+ Kg6 43. Bc2+ Bf5 44. Ba4 Be6 45. Be8+ Kf5 46. Bh5 d4+ 47. cxd4 cxd4+ 48. Kf3 Bd5+ 49. Kg3 d3 50. Bg4+ Kg6 51. Kf2 Be4 52. Ke3 Bd5 53. Kxd3 Bb3 54. Ke3 Ba4 55. Kf2 Bb3 56. Kg3 Bc4 57. Kh4 Bd3 58. f5+ Kg7 59. Kg3 Bc2 60. Kf4 a4 61. Bh5 1-0